 Dungeon Crawl Stone Soup version 0.27-a0-1331-g60ef6b6952 (webtiles) character file.

Game seed: 216048226874602345

117 Delamore the Sneak (level 5, -1/35 HPs)
             Began as an Octopode Brigand on June 25, 2021.
             Slain by an adder (4 damage)
             ... on level 2 of the Dungeon.
             The game lasted 00:01:32 (2281 turns).

Delamore the Sneak (Octopode Brigand)               Turns: 2281, Time: 00:01:33

Health: -1/35      AC:  1    Str: 10    XL:     5   Next: 1%
Magic:  5/5        EV: 13    Int: 14    God:
Gold:   67         SH:  0    Dex: 14    Spells: 4/4 levels left

rFire    . . .     SeeInvis .   a - +2 dagger
rCold    . . .     Faith    .   (no shield)
rNeg     . . .     Spirit   .   (helmet restricted)
rPois    .         Reflect  .   (no amulet)
rElec    .         Harm     .   (no ring)
rCorr    .         Rampage  .   (no ring)
Will     .....                  (no ring)
Stlth    ++++......             (no ring)
HPRegen  0.11/turn              (no ring)
MPRegen  0.09/turn              (no ring)
                                (no ring)
                                (no ring)

@: lethally poisoned (-1 -> -5)
A: almost no armour, amphibious, 8 rings, camouflage 1, gelatinous body 1,
(nimble swimmer 1), tentacles
a: no special abilities


You were on level 2 of the Dungeon.
You visited 1 branch of the dungeon, and saw 3 of its levels.

You collected 67 gold pieces.

Inventory:

Hand Weapons
 a - a +2 dagger (weapon)
Missiles
 b - 8 poisoned darts (quivered)
 c - 2 curare-tipped darts
 p - 2 boomerangs
Scrolls
 g - 2 scrolls of identify {unknown}
 k - a scroll of magic mapping {unknown}
 l - a scroll of blinking {unknown}
 n - 3 scrolls of silence {unknown}
 o - a scroll of noise {unknown}
Potions
 d - 2 potions of heal wounds {unknown}
 e - a potion of curing {unknown}
 f - a potion of attraction {unknown}
 h - 2 potions of lignification {unknown}
 i - 2 potions of resistance {unknown}
 j - a potion of brilliance {unknown}
 m - a potion of haste {unknown}


   Skills:
 + Level 2.7 Fighting
 * Level 3.5 Short Blades
 - Level 2.0 Throwing
 + Level 2.1 Dodging
 + Level 6.0 Stealth


You had 4 spell levels left.
You didn't know any spells.
Your spell library was empty.

Dungeon Overview and Level Annotations

Branches:
Dungeon (3/15)

Altars:

Annotations:
D:2 Sigmund


Innate Abilities, Weirdness & Mutations

You cannot wear most types of armour.
You are amphibious.
You can wear up to eight rings at the same time.
Your skin changes colour to match your surroundings (Stealth+).
Your rubbery body absorbs attacks. (AC +1, EV +1)
((You are camouflaged near water. (Stealth+)))
You have tentacles for arms and can constrict up to eight enemies at once.


Message History

You feel sick.
You are no longer poisoned.
There is a stone staircase leading up here.
The hobgoblin closely misses you.
You climb upwards.
Reactivating autopickup.
There is a stone staircase leading down here.
You hit the hobgoblin but do no damage. You grab the hobgoblin.
You constrict the hobgoblin, but do no damage.
The hobgoblin hits you.
You hit the hobgoblin but do no damage. You constrict the hobgoblin.
The hobgoblin barely misses you.
You hit the hobgoblin.
You kill the hobgoblin!
You see here a hobgoblin corpse.
You start resting.
HP restored.
There is a stone staircase leading down here.
You climb downwards.
Level annotation: Sigmund Sigmund hits you with a +0 scythe.
The adder barely misses you. Sigmund barely misses you.
There is a stone staircase leading up here.
The adder bites you. Sigmund hits you with a +0 scythe!
You climb upwards.
There is a stone staircase leading down here.
Sigmund hits you from afar with a +0 scythe!
The adder closely misses you. The adder bites you.
* * * LOW HITPOINT WARNING * * *
The adder closely misses you.
There is a stone staircase leading up here.
The adder bites you.
* * * LOW HITPOINT WARNING * * *
You are poisoned.
The adder poisons you!
Sigmund hits you from afar with a +0 scythe.
* * * LOW HITPOINT WARNING * * *
The adder bites you.
You die...

#.†.......#########
#..>......'........
#######.........#########
#[.....#..........# #
#.####.#.########.# # #.#
#.#.#......#.# # #.#
#.#@.........####### #.#
#.#S#.#............. #.#
#.#@#.#..)...##..... #.#
#.#.#.#......##..... #.#
#.#.#.#......##..... #.#
#.#.#.#............. #.#
#.#.#.######.#...... #.#
#...#.# #.#...... #.#
#####.######.#.#.### #.#
#............# #.#
######.......#


You could see Sigmund and an adder.

Vanquished Creatures
  3 gnolls (D:2)
  4 adders
  A dart slug (D:1)
  An orc (D:3)
  An endoplasm (D:1)
  2 giant cockroaches
  A goblin (D:1)
  2 hobgoblins
  10 jackals
  4 kobolds
  3 quokkas
  4 ball pythons
  7 bats
  2 frilled lizards (D:1)
  4 rats
49 creatures vanquished.

Notes
Turn   | Place    | Note
-------+----------+-------------------------------------------
     0 | D:1      | Delamore the Octopode Brigand began the quest for the Orb.
     0 | D:1      | Reached XP level 1. HP: 14/14 MP: 1/1
   120 | D:1      | Reached XP level 2. HP: 10/19 MP: 2/2
   870 | D:1      | Reached XP level 3. HP: 21/24 MP: 3/3
  1291 | D:2      | Reached XP level 4. HP: 21/30 MP: 4/4
  1763 | D:2      | Reached skill level 6 in Stealth
  2138 | D:3      | Noticed Sigmund
  2146 | D:3      | Reached XP level 5. HP: 26/35 MP: 5/5
  2281 | D:2      | Slain by an adder

Illustrated notes

Levels and vault maps discovered:
D:1:      dpeg_arrival_shelter, layout_basic, serial_glass, glass_columns_a,
          glass_columns_a, glass_columns_c, glass_columns_a, glass_columns_a,
          glass_columns_b, glass_columns_b, glass_columns_b, glass_columns_b,
          glass_columns_a, glass_columns_b, glass_columns_c, glass_columns_a,
          glass_columns_b, minmay_misc_feat_more_columns
D:2:      layout_basic
D:3:      layout_loops_ring, grunt_qazlal_sundering, serial_shops, shop,
          uniq_crazy_yiuf_cottage, uniq_sigmund

Skill      XL: |  1  2  3  4 |
---------------+-------------+-----
Short Blades   | 3 |  3.5
Dodging        | 2 |  2.1
Stealth        | 6 |  6.0
Fighting       | |  2.7
Throwing       | |  2.0

Action                   |  1- 3 |  4- 6 || total
-------------------------+-------+-------++-------
Melee: Dagger            |    69 |    31 ||   100
       Constrict         |    18 |     8 ||    26
       Tentacles         |     8 |     5 ||    13
 Stab: Sleeping          |    12 |     3 ||    15
Armor: Skin              |    12 |     2 ||    14
Dodge: Dodged            |    49 |    15 ||    64

Table legend: (Time is in decaauts)
 A = Elapsed time spent in this place.
 B = Non-inter-level travel time spent in this place.
 C = Inter-level travel time spent in this place.
 D = Time resting spent in this place.
 E = Time spent auto-exploring this place.
 F = Levels seen in this place.
 G = Mean time per level.
                   A        B        C        D        E       F      G
               +--------+--------+--------+--------+--------+-----+--------+
         Total |   2267 |   2182 |     85 |    457 |   1437 |   3 |  755.7 |
       Dungeon |   2267 |   2182 |     85 |    457 |   1437 |   3 |  755.7 |
               +--------+--------+--------+--------+--------+-----+--------+

Top non-repeatable levels by time:
     D:2: 1165 daAuts
     D:1: 1079 daAuts
     D:3: 22 daAuts
